Map: Port Aleksander LE

Players

ShoWTimE - Winner!

  • Race: Protoss Protoss
  • Spawn Location: 5:00

Special

  • Race: Terran Terran
  • League: Master
  • Spawn Location: 11:00

Event: 2019 WCS Spring

VOD

Have the link to the VOD?

Description

Time

  • Played on: May 19, 2019, 7:14 a.m.
  • Length: 19:34

All games in this series

Show
View Real Time Build Order
Export as new Build Order

ShoWTimE Protoss - Winner!

Build Orders: 1 Gate Expand 

Get SALT Encoding   

  12  0:00  Probe  
  13  0:12  Probe  
  14  0:19  Pylon  
  14  0:24  Probe  
  15  0:33  Probe  
  15  0:39  Gateway  
  15  0:41  Probe  
  16  0:48  Assimilator  
  17  0:51  Probe  
  18  1:03  Probe  
  19  1:15  Probe  
  20  1:26  Cybernetics Core  
  20  1:36  Nexus  
  20  1:39  Probe  
  21  1:46  Pylon  
  21  1:51  Probe  
  22  1:54  Assimilator, Adept  
  22  2:04  Probe  
  25  2:15  Adept, Robotics Facility  
  25  2:17  Probe  
  26  2:29  Probe  
  29  2:32  Warp Gate  
  29  2:41  Probe  
  30  2:49  Probe  
  30  2:50  Sentry  
  33  2:56  Immortal  
  33  3:05  Gateway  
  37  3:20  Gateway  
  37  3:26  Warp Prism  
  36  3:30  Gateway  
  34  3:39  Probe x2  
  38  3:46  Pylon  
  38  3:51  Probe  
  38  3:52  Probe  
  41  4:02  Observer  
  42  4:10  Probe x2  
  43  4:22  Stalker x3  
  49  4:25  Stalker  
  49  4:26  Pylon  
  51  4:34  Pylon  
  51  4:48  Adept x4  
  51  4:52  Shield Battery  
  59  4:58  Shield Battery  
  55  5:09  Stalker x3  
  53  5:19  Probe x2  
  43  5:31  Probe  
  43  5:33  Stalker x3  
  50  5:38  Probe  
  51  5:43  Probe  
  52  5:51  Probe  
  52  5:55  Probe  
  54  5:58  Stalker x3  
  54  6:00  Adept  
  54  6:03  Probe  
  63  6:07  Probe  
  63  6:08  Pylon  
  64  6:15  Probe  
  59  6:19  Probe  
  59  6:21  Twilight Council  
  59  6:24  Forge  
  60  6:27  Assimilator, Probe  
  60  6:29  Assimilator  
  60  6:31  Pylon  
  61  6:40  Charge  
  61  6:44  Probe x2  
  63  6:53  Robotics Bay  
  62  7:07  Protoss Ground Weapons Level 1  
  62  7:22  Nexus  
  62  7:24  Observer, Pylon  
  62  7:25  Zealot x3, Sentry  
  62  7:27  Pylon  
  62  7:28  Probe x2  
  72  7:33  Colossus  
  72  7:35  Pylon  
  73  7:40  Probe x2  
  75  7:50  Zealot x3  
  87  7:52  Probe  
  87  7:53  Probe  
  89  8:02  Shield Battery  
  89  8:04  Pylon  
  89  8:05  Extended Thermal Lance  
  89  8:09  Probe x2  
  91  8:15  Pylon  
  91  8:18  Zealot x3  
  97  8:21  Zealot  
  99  8:27  Colossus  
  105  8:34  Blink  
  105  8:38  Probe x2  
  107  8:42  Pylon  
  107  8:46  Probe  
  108  8:49  Pylon  
  108  8:51  Sentry  
  110  8:55  Probe  
  110  8:58  Probe  
  110  9:00  Assimilator  
  112  9:02  Assimilator, Protoss Ground Armor Level 1  
  112  9:13  Gateway  
  112  9:15  Gateway  
  112  9:16  Zealot, Pylon  
  114  9:20  Stalker  
  114  9:22  Colossus  
  114  9:41  Zealot x3  
  114  9:42  Probe  
  114  9:43  Probe  
  111  9:45  Stalker  
  111  9:46  Stalker x3  
  111  9:50  Templar Archives  
  119  9:58  Forge  
  119  10:02  Probe x2  
  119  10:03  Probe  
  122  10:12  Immortal  
  122  10:13  Nexus  
  122  10:14  Probe  
  122  10:16  Pylon  
  123  10:28  Probe x3  
  129  10:35  High Templar x4  
  137  10:39  Archon  
  129  11:03  Zealot x2  
  126  11:15  Nexus  
  126  11:18  Archon  
  122  11:23  Pylon  
  122  11:28  Stalker x6, Protoss Ground Armor Level 2, Pylon, Protoss Ground Weapons Level 2  
  134  11:45  Probe x2  
  136  11:51  Zealot x6  
  120  12:13  Stalker x5  
  121  12:17  Probe  
  121  12:19  Probe x2  
  114  12:33  Probe x2  
  112  12:38  Stalker x3  
  112  12:42  Probe  
  119  12:47  Zealot x3  
  119  12:49  Probe  
  127  12:51  Probe x2  
  127  12:55  Probe  
  129  13:02  Sentry x2  
  129  13:05  Sentry  
  139  13:06  Probe x2  
  139  13:07  Probe  
  139  13:12  Zealot  
  144  13:16  Zealot x2  
  144  13:25  Zealot x2  
  140  13:32  Stalker x2  
  140  13:34  Probe  
  140  13:35  Probe x3  
  144  13:45  Gateway  
  144  13:47  Probe, Gateway  
  144  13:48  Probe x2  
  147  13:50  Protoss Ground Weapons Level 3  
  147  13:54  Nexus  
  147  13:55  Sentry x3, Pylon  
  149  13:56  Zealot x2, Templar Archives  
  149  14:00  Stalker  
  159  14:04  Protoss Ground Armor Level 3  
  159  14:05  Probe  
  159  14:06  Probe x2  
  162  14:13  Psionic Storm  
  162  14:15  Probe  
  163  14:18  Probe x2  
  165  14:26  Zealot x3  
  165  14:27  Zealot x3  
  177  14:33  Robotics Facility  
  177  14:43  High Templar  
  179  14:48  Pylon  
  179  14:50  Pylon  
  179  14:52  Pylon, Shield Battery  
  179  14:55  Assimilator  
  179  14:57  Shield Battery  
  179  15:01  Assimilator  
  179  15:07  High Templar x4  
  179  15:12  Zealot x2  
  189  15:18  Zealot x2  
  162  15:35  Probe  
  162  15:36  Probe x4  
  162  15:37  Stalker x3  
  162  15:38  Stalker, Zealot  
  174  15:48  Photon Cannon, Probe x4  
  178  15:52  Colossus, Dark Shrine  
  178  15:54  Stalker x4, Stargate  
  186  15:57  Zealot  
  186  15:59  High Templar  
  192  16:14  Zealot x2  
  192  16:20  High Templar x2  
  192  16:23  Probe x2  
  194  16:35  Zealot x3  
  194  16:44  Zealot x3  
  200  16:52  Fleet Beacon  
  198  16:55  Stargate  
  198  16:56  Zealot, Stargate  
  194  17:06  Shadow Stride  
  194  17:07  Dark Templar x4  
  182  17:16  Protoss Shields Level 1  
  174  17:31  Assimilator  
  174  17:32  Assimilator  
  174  17:36  Tempest  
  174  17:46  Tempest x2  
  174  17:49  Nexus  
  189  17:52  Pylon  
  189  17:54  Dark Templar x3  
  189  17:55  Zealot x2  
  189  17:58  Dark Templar x2  
  189  17:59  Dark Templar x2  
  189  18:02  Probe x2  
  190  18:07  Archon  
  190  18:10  Zealot x2  
  181  18:15  Probe  
  181  18:16  Zealot  
  181  18:17  Zealot  
  186  18:23  Tempest  
  183  18:27  Photon Cannon  
  183  18:29  Photon Cannon  
  183  18:31  Photon Cannon  
  183  18:32  Shield Battery  
  181  18:35  Zealot, Pylon  
  181  18:36  Zealot x5  
  181  18:37  Stalker  
  181  18:38  Stalker  
  197  18:42  Oracle  
  197  18:44  Nexus  
  197  18:47  Pylon  
  200  19:11  Photon Cannon  
  200  19:14  Photon Cannon  
  200  19:15  Photon Cannon  
  190  19:31  Dark Templar  
  190  19:32  Dark Templar  
Show
View Real Time Build Order
Export as new Build Order

Special Terran 

Build Orders:  

Get SALT Encoding   

  12  0:00  SCV  
  13  0:12  SCV  
  14  0:17  Supply Depot  
  14  0:25  SCV  
  15  0:39  SCV  
  15  0:40  Barracks  
  16  0:44  Refinery  
  16  0:51  SCV  
  17  1:03  SCV  
  18  1:15  SCV  
  19  1:27  Reaper  
  19  1:28  SCV  
  21  1:35  Command Center  
  21  1:46  Orbital Command  
  21  1:54  Supply Depot  
  21  1:59  Marine  
  22  2:08  Factory  
  22  2:12  SCV  
  23  2:17  Refinery  
  23  2:22  Barracks Reactor  
  23  2:24  SCV  
  24  2:36  SCV  
  25  2:48  SCV, Orbital Command  
  26  2:52  Hellion  
  26  2:56  Starport  
  28  2:59  Marine  
  28  3:00  Marine  
  28  3:01  SCV  
  31  3:13  SCV, Widow Mine  
  31  3:16  SCV  
  31  3:17  Marine  
  31  3:18  Marine  
  36  3:31  SCV x2  
  37  3:34  Marine  
  37  3:36  Marine  
  37  3:39  Starport Tech Lab, Widow Mine  
  41  3:43  SCV x2  
  43  3:49  Supply Depot  
  43  3:52  Marine  
  43  3:53  Marine  
  43  3:55  SCV  
  46  4:07  Factory Tech Lab  
  46  4:10  SCV, Banshee  
  46  4:11  Supply Depot  
  46  4:12  SCV  
  46  4:14  Marine x2  
  53  4:22  SCV  
  54  4:28  Barracks  
  54  4:30  Barracks  
  54  4:32  SCV  
  54  4:35  SCV  
  56  4:40  Siege Tank  
  56  4:41  Liberator, Marine  
  56  4:43  Marine, Supply Depot  
  56  4:44  SCV  
  62  4:54  SCV  
  62  4:56  SCV  
  61  5:05  Marine x2  
  62  5:08  SCV  
  62  5:09  SCV  
  55  5:20  SCV  
  55  5:21  SCV  
  50  5:22  Siege Tank  
  50  5:23  Marine x2  
  51  5:32  SCV  
  51  5:33  SCV  
  53  5:41  Marine x2  
  53  5:42  Supply Depot  
  55  5:43  Viking  
  55  5:44  SCV  
  55  5:45  SCV  
  58  5:51  Barracks Tech Lab  
  58  5:56  SCV  
  58  5:57  SCV  
  58  5:58  Marine  
  58  5:59  Marine  
  61  6:08  SCV  
  61  6:09  SCV  
  63  6:16  Marine x2  
  62  6:20  SCV  
  62  6:21  SCV, Marine x2  
  62  6:25  Engineering Bay, Refinery  
  66  6:29  Stimpack  
  66  6:32  SCV  
  67  6:33  SCV  
  67  6:34  Marine x2  
  67  6:37  Starport Tech Lab  
  70  6:41  Refinery  
  70  6:42  Marine x2  
  70  6:44  SCV  
  70  6:46  Supply Depot  
  70  6:51  Terran Infantry Weapons Level 1  
  70  7:07  SCV x2, Supply Depot, Marine x4  
  76  7:09  Supply Depot  
  76  7:11  Raven  
  78  7:23  Factory Reactor  
  78  7:28  SCV x2, Marine  
  78  7:29  Command Center, Supply Depot  
  81  7:31  Supply Depot  
  81  7:32  Marine  
  81  7:33  Marauder x2  
  86  7:41  SCV x2  
  86  7:42  Combat Shield  
  86  7:43  Supply Depot  
  88  7:46  Marine  
  89  7:53  SCV x2  
  89  7:55  Barracks, Marine  
  89  7:56  Barracks  
  89  7:57  Marauder  
  92  8:04  Marine  
  92  8:05  SCV x2, Supply Depot  
  95  8:09  Medivac x2, Factory Reactor  
  99  8:15  Marine, Supply Depot  
  99  8:16  Marauder  
  102  8:20  Marauder  
  102  8:21  SCV  
  102  8:22  SCV, Marine  
  107  8:28  Supply Depot  
  107  8:36  Marine  
  107  8:38  Marauder  
  107  8:39  Marine  
  107  8:40  SCV  
  112  8:41  Marauder  
  112  8:42  Missile Turret  
  112  8:43  Orbital Command  
  112  8:44  Barracks Tech Lab  
  114  8:49  Terran Infantry Armor Level 1  
  114  8:56  Marine  
  114  8:57  Marine  
  114  8:58  Siege Tank  
  114  8:59  Medivac  
  114  9:00  Marine x3  
  114  9:02  Marine  
  125  9:07  Marauder  
  127  9:10  Orbital Command  
  127  9:15  SCV x2  
  129  9:27  Marauder, Marine  
  125  9:32  SCV  
  125  9:34  Marine x3  
  125  9:35  Marauder  
  125  9:36  Marauder  
  125  9:37  Medivac x2  
  137  9:44  Marine  
  138  9:48  SCV x3, Marauder  
  138  9:52  Marine x3  
  143  9:57  Marauder x2  
  145  10:00  SCV x2  
  145  10:01  SCV  
  145  10:02  Liberator, Marine  
  149  10:07  Refinery x2  
  149  10:08  Sensor Tower  
  149  10:09  Factory  
  149  10:10  Marine x2  
  149  10:12  SCV  
  152  10:19  Liberator  
  155  10:33  Marauder  
  157  10:36  Marauder, Siege Tank, Supply Depot  
  165  10:50  SCV, Marine x2  
  165  10:51  SCV x2, Marine  
  165  10:53  Marauder  
  165  10:54  Marauder  
  163  10:58  Marauder  
  163  11:02  SCV  
  163  11:03  SCV  
  166  11:05  Factory Tech Lab  
  166  11:10  Siege Tank  
  155  11:15  Marauder  
  155  11:16  Marauder  
  142  11:19  Marauder  
  142  11:20  Marine x4  
  142  11:21  SCV x2  
  142  11:22  SCV  
  142  11:25  Supply Depot  
  150  11:26  Siege Tank  
  150  11:29  Concussive Shells  
  153  11:33  SCV  
  153  11:35  Armory  
  153  11:36  Marauder  
  153  11:37  Marauder, Engineering Bay  
  153  11:38  Marine  
  154  11:43  Siege Tank, Marine  
  158  11:48  Marine  
  158  11:49  Marauder  
  160  11:58  Marauder, Siege Tank, Marine x2  
  167  12:06  Marine  
  167  12:07  Marauder  
  147  12:14  Marine  
  147  12:15  Marauder, Medivac x2  
  131  12:17  Orbital Command  
  131  12:22  Marauder  
  124  12:31  Marine x2  
  124  12:32  Marauder, Marine  
  126  12:40  Terran Infantry Weapons Level 2  
  126  12:42  Terran Infantry Armor Level 2  
  124  12:49  Marauder  
  126  12:57  Marauder, Missile Turret, Marine  
  129  13:00  Marine  
  130  13:05  Siege Tank  
  130  13:09  Siege Tank  
  134  13:23  Marine  
  134  13:24  Marauder  
  118  13:33  Medivac x2  
  114  13:34  Marine x2  
  114  13:35  Marauder, Marine  
  114  13:36  Marauder  
  114  13:38  Siege Tank  
  114  13:39  Refinery  
  119  13:42  Marine  
  119  13:45  Marauder, Siege Tank  
  125  13:50  SCV x2  
  125  13:52  Marine  
  125  13:53  Sensor Tower  
  128  13:56  Marine  
  128  13:57  Marine x2  
  128  14:02  SCV x2  
  133  14:05  Orbital Command  
  133  14:06  Liberator  
  133  14:10  Siege Tank, Liberator  
  133  14:14  Marine  
  133  14:15  Marauder  
  142  14:30  Marine x3  
  148  14:35  SCV x3  
  151  14:43  Siege Tank  
  154  14:46  Refinery x2  
  154  14:47  Bunker  
  154  14:48  SCV x2  
  156  14:53  Marine x3  
  156  14:54  Marine  
  160  15:00  Supply Depot  
  160  15:05  Marine  
  160  15:06  Marauder, Marine  
  164  15:11  Marine x2  
  164  15:13  Marine  
  167  15:15  Marine  
  157  15:23  Siege Tank  
  157  15:24  Marauder x2  
  157  15:27  Marauder  
  154  15:29  Marine  
  154  15:33  Siege Tank, Marine  
  150  15:37  Marine  
  150  15:42  SCV x3  
  151  15:45  Marauder x2  
  151  15:47  Medivac x2  
  151  15:49  Marauder  
  161  15:51  Marine x2  
  161  15:55  Marine  
  163  16:01  Marine  
  162  16:06  Marauder  
  162  16:07  Marauder  
  162  16:09  Marine  
  162  16:10  Marauder  
  158  16:13  Siege Tank  
  153  16:22  Marine  
  154  16:28  Marauder x2, Siege Tank  
  154  16:31  Marauder  
  154  16:32  Marine  
  156  16:39  Marine  
  155  16:44  Orbital Command, Marine  
  154  16:49  Marauder  
  154  16:50  Marauder, Marine  
  154  16:51  Marine  
  154  16:53  Marauder  
  153  16:58  Marine  
  151  17:04  Siege Tank  
  151  17:06  Marine  
  151  17:07  Marine  
  146  17:11  Marauder x2  
  146  17:14  Marauder  
  137  17:17  Marine x2  
  137  17:22  Siege Tank  
  142  17:24  Marine  
  142  17:29  SCV  
  138  17:32  Marauder x2  
  138  17:35  Marine  
  138  17:36  Marauder, Marine  
  145  17:40  Marine  
  144  17:46  Marine  
  145  17:53  Marauder, Siege Tank  
  145  17:54  Marauder  
  152  17:58  Marine  
  152  18:01  Sensor Tower  
  153  18:10  Marine x2  
  147  18:15  Marine x2  
  147  18:16  Marine  
  147  18:17  Missile Turret, Medivac x2  
  147  18:18  SCV x2  
  156  18:20  Siege Tank  
  159  18:32  Supply Depot  
  159  18:36  Supply Depot  
  159  18:53  Marine x5  
  159  18:54  Siege Tank, Marine  
  165  18:57  Marine, Supply Depot  
  165  18:58  Supply Depot  
  166  19:11  Marine x4  
  166  19:12  Marine  
  166  19:13  Marine  
Tags
 
Add a new tag
Caveats
  • Supply blocks, unpowered buildings, or Contaminate may cause inaccurate times.
  • Supply counts are checked every 10 seconds.